 Dungeon Crawl Stone Soup version 0.21.1-1-g345015f (webtiles) character file.

3621 Mgcat the Fighter (level 9, -1/90 HPs)
             Began as a Minotaur Berserker on Feb 5, 2018.
             Was an Elder of Trog.
             Slain by a death yak (20 damage)
             ... on level 8 of the Dungeon.
             The game lasted 00:10:26 (4827 turns).

Mgcat the Fighter (Minotaur Berserker)              Turns: 4827, Time: 00:10:27

Health: -1/90      AC:  9    Str: 23    XL:     9   Next: 86%
Magic:  8/8        EV: 10    Int:  4    God:    Trog [****..]
Gold:   271        SH:  0    Dex: 12    Spells: 8/8 levels left

rFire    + . .     SeeInvis .   y - +1 hand axe (vamp) {!w}
rCold    . . .     Gourm    +   (no shield)
rNeg     . . .     Faith    .   h - +1 scale mail
rPois    .         Spirit   .   v - +2 hat
rElec    .         Reflect  .   (no cloak)
rCorr    .         Harm     .   (no gloves)
MR       .....                  (no boots)
Stlth    ..........             x - amulet of the gourmand {Gourm, !d}
HPRegen  0.25/turn              z - ring of protection from fire {rF+, !d}
MPRegen  0.11/turn              a - ring of wizardry {Wiz+, !d}

@: berserk cooldown, slowed, very slow
A: retaliatory headbutt, horns 2
a: Berserk, Trog's Hand, Brothers in Arms, Burn Spellbooks, Renounce Religion


You were on level 8 of the Dungeon.
You worshipped Trog.
Trog was greatly pleased with you.
You were not hungry.

You visited 1 branch of the dungeon, and saw 7 of its levels.

You collected 271 gold pieces.

Inventory:

Hand Weapons
 m - a +3 flail of crushing
   (You took it off Edmund on level 5 of the Dungeon)
 y - a +1 vampiric hand axe (weapon) {!w}
   (You took it off a wight on level 7 of the Dungeon)
Missiles
 r - 3 throwing nets {=f, !d}
 w - 2 tomahawks of dispersal {=f}
Armour
 h - a +1 scale mail (worn)
   (You found it on level 1 of the Dungeon)
 v - a +2 hat (worn)
   (You found it on level 7 of the Dungeon)
Jewellery
 a - a ring of wizardry (right hand) {Wiz+, !d}
   (You found it on level 8 of the Dungeon)
 x - an amulet of the gourmand (around neck) {Gourm, !d}
   (You found it on level 7 of the Dungeon)
 z - a ring of protection from fire (left hand) {rF+, !d}
   (You found it on level 7 of the Dungeon)
Wands
 b - a wand of scattershot (4)
   (You found it on level 7 of the Dungeon)
 l - a wand of random effects (34)
   (You took it off Edmund on level 5 of the Dungeon)
 t - a wand of enslavement (3)
   (You found it on level 6 of the Dungeon)
 u - a wand of disintegration (8)
   (You took it off an orc on level 6 of the Dungeon)
Scrolls
 d - 4 scrolls of teleportation
 f - 6 scrolls of remove curse
 o - 7 scrolls of identify
 s - a scroll of immolation {!r}
Potions
 e - 2 potions of might {unknown}
 g - 3 potions of cancellation {unknown}
 j - 4 potions of curing
 k - a potion of ambrosia {unknown}
 n - a potion of berserk rage {unknown}
 p - 2 potions of heal wounds {unknown}
Comestibles
 c - 14 rations


   Skills:
 + Level 12.2 Fighting
 + Level 12.2 Axes
 - Level 2.4 Armour
 - Level 2.1 Dodging


You had 8 spell levels left.
You didn't know any spells.

Dungeon Overview and Level Annotations

Branches:
Dungeon (8/15)             Temple (0/1) D:5
   Lair: D:8-11

Altars:
Fedhas
Makhleb
Nemelex Xobeh
Wu Jian

Annotations:
D:6 1 runed door


Innate Abilities, Weirdness & Mutations

You reflexively headbutt those who attack you in melee.
You have a pair of horns on your head.


Message History

You now have 271 gold pieces (gained 12).
An iguana and a rat come into view.
The iguana hisses angrily.
There are monsters nearby!
A death yak comes into view.
The death yak bellows!
You hear a bellow!
You slash the iguana!
You kill the iguana!
Trog accepts your kill.
You closely miss the rat. The rat closely misses you.
You hit the rat.
The rat is moderately wounded.
A death yak comes into view.
Your scale mail prevents you from hitting the rat.
The death yak bellows!
You kill the rat!
Trog accepts your kill.
You hear a bellow!
A quokka comes into view.
A rat and a scorpion come into view.
You see here a rat corpse.
You slash the death yak!
The death yak is lightly wounded.
The death yak gores you!
A death yak comes into view.
The death yak gores you.
A red film seems to cover your vision as you go berserk!
You feel yourself moving faster!
You feel mighty!
You feel quite a bit more hungry. The death yak gores you!
The death yak bellows!
You slice the death yak!!
The death yak is moderately wounded.
You slash the death yak!
You feel better.
Your headbutt misses the death yak.
The death yak is heavily wounded.
The death yak barely misses you. You furiously retaliate!
You headbutt the death yak. You hit the death yak.
You headbutt the death yak, but do no damage.
The death yak is severely wounded.
You slash the death yak!
You feel better.
You headbutt the death yak.
The death yak is severely wounded.
The death yak closely misses you.
You slash the death yak!
The death yak is almost dead.
You hit the death yak.
You feel better.
The death yak is almost dead.
The death yak gores you but does no damage.
You slash the death yak!
You feel better.
You kill the death yak!
Trog accepts your kill.
Your life force feels restored.
You hit the death yak but do no damage. You headbutt the death yak.
The death yak is lightly wounded.
You hit the death yak but do no damage.
The death yak is lightly wounded.
The death yak barely misses you. You furiously retaliate!
You headbutt the death yak!! You slash the death yak!
You feel better.
The death yak is heavily wounded.
You slash the death yak! You headbutt the death yak!!
The death yak is almost dead.
You slice the death yak!!
You kill the death yak!
Trog accepts your kill.
Your Fighting skill increases to level 12!
Your Axes skill increases to level 12!
The quokka barely misses you.
You slash the quokka!
You kill the quokka!
Trog accepts your kill.
You are no longer berserk.
You are exhausted.
You feel yourself slow down. The death yak barely misses you.
You see here a quokka corpse.
You hit the death yak.
You feel better.
The death yak is lightly wounded.
The death yak gores you!!
You hit the death yak but do no damage. You headbutt the death yak!
The death yak is lightly wounded.
The death yak gores you!!
You are too injured to fight recklessly!
You are too injured to fight recklessly!
You are too injured to fight recklessly!
Okay, then.
Unknown command.
Unknown command.
You hit the death yak but do no damage.
The death yak is lightly wounded.
The death yak gores you!
You hit the death yak but do no damage.
The death yak is lightly wounded.
The death yak gores you!
* * * LOW HITPOINT WARNING * * *
You hear a distant blaring wail to the north.
The death yak gores you!
* * * LOW HITPOINT WARNING * * *
The death yak closely misses you. You furiously retaliate!
You headbutt the death yak! The death yak gores you!!
You die...

#......# ####.###
#.# #†# #.# #s# #r#
#Y# #@# # #.###
###.# #...# ....#
###.# ..##########
#.#
#.##.......#######.#
#.##.#####.........#
...>....##..########
#.##.##.##..#


You could see a death yak, a scorpion and a rat.

Vanquished Creatures
  2 death yaks (D:8)
  A hippogriff (D:7)
  Menkaure (D:6)
  Edmund (D:5)
  An ice beast (D:5)
  4 ogres
  A phantom (D:6)
  A black bear (D:6)
  A centaur (D:7)
  A big kobold (D:7)
  3 bullfrogs (D:7)
  4 wights (D:7)
  An electric eel (D:7)
  3 crimson imps
  A centaur zombie (D:6)
  2 hounds
  2 orc priests
  A gnoll shaman (D:7)
  4 worker ants
  3 iguanas
  3 orc wizards
  A hound zombie (D:7)
  A hound skeleton (D:8)
  Robin (D:1)
  A worker ant zombie (D:5)
  7 gnolls
  5 adders
  A shadow imp (D:5)
  An ooze (D:6)
  2 adder zombies
  2 worms
  3 dart slugs
  4 leopard geckos
  22 orcs
  5 bats
  4 giant cockroaches
  11 goblins
  16 hobgoblins
  5 jackals
  2 quokkas
  A ball python (D:1)
  3 frilled lizards
  10 kobolds
  9 rats
158 creatures vanquished.

Vanquished Creatures (others)
  A giant cockroach (D:7)
1 creature vanquished.

Grand Total: 159 creatures vanquished

Notes
Turn   | Place    | Note
-------+----------+-------------------------------------------
     0 | D:1      | Mgcat the Minotaur Berserker began the quest for the Orb.
     0 | D:1      | Reached XP level 1. HP: 19/19 MP: 0/0
    78 | D:1      | Reached skill level 4 in Fighting
    78 | D:1      | Reached skill level 4 in Axes
    79 | D:1      | Reached XP level 2. HP: 20/27 MP: 1/1
   267 | D:1      | Reached ** piety under Trog
   509 | D:1      | Reached XP level 3. HP: 29/34 MP: 2/2
   604 | D:2      | Noticed Robin
   624 | D:1      | Killed Robin
   870 | D:2      | Reached XP level 4. HP: 35/41 MP: 3/3
   880 | D:2      | Reached skill level 5 in Fighting
   881 | D:2      | Reached skill level 5 in Axes
  1228 | D:2      | Reached *** piety under Trog
  1391 | D:3      | You fall through a shaft for 3 floors!
  1395 | D:5      | Entered Level 5 of the Dungeon
  1416 | D:5      | Noticed an ogre
  1425 | D:5      | Killed an ogre
  1425 | D:5      | Reached XP level 5. HP: 50/50 MP: 4/4
  1429 | D:5      | Noticed Edmund
  1439 | D:5      | Found a burning altar of Makhleb.
  1468 | D:5      | Reached skill level 6 in Fighting
  1468 | D:5      | Reached skill level 6 in Axes
  1477 | D:5      | Reached XP level 6. HP: 58/58 MP: 5/5
  1482 | D:5      | Killed Edmund
  1580 | D:5      | Reached skill level 7 in Fighting
  1580 | D:5      | Reached skill level 7 in Axes
  1776 | D:5      | Reached XP level 7. HP: 44/66 MP: 6/6
  1778 | D:5      | HP: 14/66 [ogre/giant spiked club (22)]
  2299 | D:5      | Reached skill level 8 in Fighting
  2299 | D:5      | Reached skill level 8 in Axes
  2317 | D:5      | Found a staircase to the Ecumenical Temple.
  2421 | D:6      | Found a blossoming altar of Fedhas.
  2662 | D:6      | HP: 16/69 [phantom (4)]
  2671 | D:6      | HP: 16/69 [phantom (2)]
  2673 | D:6      | Reached XP level 8. HP: 18/75 MP: 7/7
  2906 | D:6      | Reached **** piety under Trog
  3099 | D:6      | Reached skill level 9 in Fighting
  3099 | D:6      | Reached skill level 9 in Axes
  3447 | D:6      | Found a runed door.
  3479 | D:6      | Noticed Menkaure
  3484 | D:6      | Killed Menkaure
  3736 | D:6      | Found a sparkling altar of Nemelex Xobeh.
  3915 | D:7      | Found an ornate altar of the Wu Jian Council.
  3995 | D:7      | Noticed a hippogriff
  4004 | D:7      | Killed a hippogriff
  4004 | D:7      | Reached skill level 10 in Fighting
  4056 | D:7      | Reached skill level 10 in Axes
  4271 | D:7      | Reached XP level 9. HP: 55/86 MP: 8/8
  4344 | D:7      | Found a burning altar of Makhleb.
  4471 | D:7      | Received a gift from Trog
  4772 | D:8      | Reached skill level 11 in Fighting
  4772 | D:8      | Reached skill level 11 in Axes
  4783 | D:8      | Noticed a death yak
  4787 | D:8      | Noticed a death yak
  4790 | D:8      | Noticed a death yak
  4810 | D:8      | Killed a death yak
  4815 | D:8      | Killed a death yak
  4815 | D:8      | Reached skill level 12 in Fighting
  4815 | D:8      | Reached skill level 12 in Axes
  4824 | D:8      | HP: 18/90 [death yak (10)]
  4827 | D:8      | Slain by a death yak

Skill      XL: |  1  2  3  4  5  6  7  8  9 |
---------------+----------------------------+-----
Fighting       | 4 5 6 7 8 10 12 | 12.2
Axes           | 4 5 6 7 8 10 12 | 12.2
Armour         | |  2.4
Dodging        | |  2.1

Action                   |  1- 3 |  4- 6 |  7- 9 || total
-------------------------+-------+-------+-------++-------
Melee: Hand axe          |    83 |    68 |    64 ||   215
       Headbutt          |    13 |    15 |    40 ||    68
       Flail             |       |    21 |   142 ||   163
Invok: Berserk           |       |     1 |     3 ||     4
       Trog's Hand       |       |     1 |       ||     1
       Burn Spellbooks   |       |       |     2 ||     2
Evoke: Wand              |       |       |     4 ||     4
  Use: Scroll            |       |     5 |     3 ||     8
  Eat: Chunk             |       |     3 |     4 ||     7
       Ration            |       |       |     4 ||     4
Armor: Animal skin       |     5 |       |       ||     5
       Scale mail        |    20 |    37 |    67 ||   124
Dodge: Dodged            |    63 |    61 |    94 ||   218

Vault maps used:
D:1:      dpeg_arrival_fog, minmay_misc_feat_iff
D:2:      first_ration, serial_glass, glass_columns_c, glass_columns_b,
          glass_columns_a, uniq_robin
D:5:      lemuel_temple_firewalk_b, hangedman_decor_slide_cut,
          minmay_ruined_shrine, uniq_edmund
D:6:      marbit_many_paths, fedhas_altar_2, uniq_menkaure,
          uniq_crazy_yiuf_cottage
D:7:      bloody_makhleb, lemuel_round_altar, grunt_ogre_cave, fountainhead
D:8:      nicolae_overflow_crystal_walls, evilmike_ruin_ashenzari,
          dpeg_lair_monsters, serial_shops, kennysheep_little_box,
          wad_floor_pattern_untrapped, nemelex_lonely_heart_becter, uniq_joseph

Table legend:
 A = Turns spent in this place as a percentage of turns spent in the entire game.
 B = Non-inter-level travel turns spent in this place as a percentage of non-inter-level travel turns spent in the entire game.
 C = Inter-level travel turns spent in this place as a percentage of turns spent in this place.
 D = Turns resting spent in this place as a percentage of non-inter-level travel turns spent in this place.
 E = Turns spent auto-exploring this place as a percentage of non-inter-level travel turns spent in this place.
 F = Non-inter-level travel turns spent in this place divided by the number of levels of this place that you've seen.
                   A       B       C       D       E      F
               +-------+-------+-------+-------+-------+----------------------
         Total | 100.0 | 100.0 |   2.5 |   2.8 |  78.1 | 672.6
       Dungeon | 100.0 | 100.0 |   2.5 |   2.8 |  78.1 | 672.6
               +-------+-------+-------+-------+-------+----------------------

Table legend:
 A = Kills in this place as a percentage of kills in entire the game.
 B = Kills by you in this place as a percentage of kills by you in the entire game.
 C = Kills by friends in this place as a percentage of kills by friends in the entire game.
 D = Other kills in this place as a percentage of other kills in the entire game.
 E = Experience gained in this place as a percentage of experience gained in the entire game.
 F = Experience gained in this place divided by the number of levels of this place that you have seen.
                   A       B       C       D       E      F
               +-------+-------+-------+-------+-------+----------------------
         Total | 100.0 | 100.0 |   N/A |   N/A | 100.0 | 739.0
       Dungeon | 100.0 | 100.0 |   N/A |   N/A | 100.0 | 739.0
               +-------+-------+-------+-------+-------+----------------------
